AoeStats
← epic shit

Hideout

508449057Analyzed
1v1 RM · 8d ago on Sep 22, 2026· 46m 28s· 2 players
Game mode
Random Map
Map size
Tiny (2 player)
Population
200
Speed
Normal
Resources
Standard
Victory
Conquest
Starting age
Dark Age
Ending age
Imperial Age
RankedLock teamsTeams togetherTeam positionsShared explorationLock speedFull tech treeHidden civsTurbo modeCheats
Victory
Defeat
🇨🇱 Huns · Chile
957
+14
🇲🇩 Byzantines · Moldova
909
-14
Vitalius
10:23 Feudal Age
9:15 Loom
11:04 Double-Bit Axe
19:15 Castle Age
19:39 Fletching
20:21 Pikeman
23:29 Bodkin Arrow
29:59 Stone Mining
38:36 Imperial Age
37:33 Bow Saw
38:06 Wheelbarrow
40:23 Thumb Ring
43:02 Elite Skirmisher
epic shit
9:46 Feudal Age
13:48 Castle Age
12:18 Loom
12:27 Double-Bit Axe
14:04 Forging
30:59 Wheelbarrow
33:46 Husbandry
33:50 Gold Mining
38:13 Imperial Age
35:37 Town Watch
35:41 Horse Collar
37:18 Heavy Plow
37:37 Hand Cart
38:40 Fletching
39:26 Iron Casting
38:58 Scale Barding Armor
39:15 Bloodlines
39:53 Conscription
40:38 Conscription
42:22 Chain Barding Armor
43:15 Marauders
42:37 Elite Tarkan
42:40 Cavalier
45:49 Plate Barding Armor
Connection lost

Rejoining the realm…

Still unreachable

The connection could not be restored.

Session expired

The server has moved on; the page needs a fresh start.